 Dungeon Crawl Stone Soup version 0.17.1-3-g152610e (webtiles) character file.

9922 Glider the Destroyer (level 11, -3/129 HPs)
             Began as a Mottled Draconian Conjurer on Mar 26, 2016.
             Was an Elder of Yredelemnul.
             Slain by a spiny frog (5 damage)
             ... on level 1 of the Lair of Beasts.
             The game lasted 01:39:21 (16735 turns).

Glider the Destroyer (Mottled Draconian Conjurer)  Turns: 16735, Time: 01:39:21

Health: -3/129     AC: 12    Str: 17    XL:     11   Next: 29%
Magic:  1/21       EV: 11    Int: 18    God:    Yredelemnul [****..]
Gold:   671        SH:  4    Dex: 11    Spells: 6 memorised, 5 levels left

rFire  + . .     SeeInvis .     Y - +3 spear (pierce)
rCold  + . .     Clarity  .     (armour unavailable)
rNeg   . . .     SustAt   .     I - +0 buckler
rPois  +         Gourm    +     (helmet restricted)
rElec  +         Spirit   .     N - +2 cloak
rCorr  +         Warding  .     q - +0 pair of gloves
rMut   .         Stasis   .     e - +0 pair of boots
MR     +....                    u - amulet of the gourmand
Stlth  ..........               H - ring of wizardry
                                G - ring of protection from magic

@: mighty, berserking, lethally poisoned (-3 -> -4), resistant, very slightly
contaminated, heavily drained, very quick, somewhat resistant to hostile
enchantments, extremely unstealthy
A: breathe sticky flame splash, unfitting armour, claws 1, cold-blooded, AC +7
a: Breathe Sticky Flame, Recall Undead Slaves, Injury Mirror, Animate Dead,
Drain Life, Renounce Religion


You were on level 1 of the Lair of Beasts.
You worshipped Yredelemnul.
Yredelemnul was greatly pleased with you.
You were full.

You visited 3 branches of the dungeon, and saw 13 of its levels.

You collected 671 gold pieces.

Inventory:

Hand Weapons
 l - a +0 blowgun
 Y - a +3 spear of piercing (weapon)
Missiles
 a - 2 javelins (quivered)
 n - 16 poisoned needles
Armour
 e - a +0 pair of boots (worn)
 q - a +0 pair of gloves (worn)
 I - a +0 buckler (worn)
 N - a +2 cloak (worn)
Jewellery
 i - a +2 ring of slaying {unknown}
 u - an amulet of the gourmand (around neck)
 G - a ring of protection from magic (left hand)
 H - a ring of wizardry (right hand)
 M - an uncursed ring of teleportation
Wands
 d - a wand of random effects (27)
 t - a wand of draining (0)
 O - a wand of cold (0)
Scrolls
 b - a scroll of amnesia
 f - 4 scrolls of remove curse
 k - a scroll of recharging
 o - 2 scrolls of magic mapping
 L - a scroll of fear {unknown}
 S - a scroll of fog {unknown}
 X - a scroll of brand weapon {unknown}
Potions
 m - 2 potions of ambrosia
 v - a potion of cancellation
 z - a potion of agility
 A - 2 potions of brilliance
 C - 2 potions of lignification
 P - a potion of magic {unknown}
Miscellaneous
 p - an ornate deck of defence {drawn: 1}
 Z - a plain deck of defence {drawn: 1}
Comestibles
 F - 10 meat rations


   Skills:
 - Level 5.1(3.6) Fighting
 - Level 2.0(0.6) Dodging
 - Level 2.0(0.6) Stealth
 + Level 5.3(3.8) Shields
 - Level 7.0(5.4) Spellcasting
 - Level 10.0(8.2) Conjurations
 - Level 5.0(3.5) Hexes
 * Level 9.3(7.6) Fire Magic
 - Level 5.0(3.5) Invocations


You had 5 spell levels left.
You knew the following spells:

 Your Spells              Type           Power        Failure   Level  Hunger
a - Magic Dart            Conj           ####         1%          1    None
b - Searing Ray           Conj           ####..       1%          2    #......
c - Iskenderun's Mystic   Conj           ####....     1%          4    ####...
d - Dazzling Spray        Conj/Hex       ####....     1%          3    ##.....
e - Fulminant Prism       Conj/Hex       ####......   6%          4    ####...
f - Fireball              Conj/Fire      ####......   7%          5    ######.


Dungeon Overview and Level Annotations

Branches:
Dungeon (11/15)            Temple (1/1) D:6            Lair (1/8) D:9
    Orc (0/4) D:11

Altars:
Ashenzari
Cheibriados
Dithmenos
Elyvilon
Fedhas
Gozag
Kikubaaqudgha
Makhleb
Nemelex Xobeh
Okawaru
Qazlal
Ru
Sif Muna
Trog
Vehumet
Xom
Yredelemnul
Zin
The Shining One

Annotations:
D:8 Glider's ghost, novice DEIE
D:11 Nergalle


Innate Abilities, Weirdness & Mutations

You can spit globs of burning liquid.
You can ignite nearby creatures when you spit burning liquid.
Your weird mottled scales are hard (AC +7).
Your body does not fit into most forms of armour.
You are cold-blooded and may be slowed by cold attacks.
You have sharp fingernails.


Message History

It was a potion of might.
You feel very mighty all of a sudden.
You hear an angry buzzing noise.
The spiny frog completely misses you.
Drink which item? (? for menu, Esc to quit)
It was a potion of resistance.
You feel protected.
* * * LOW HITPOINT WARNING * * *
You feel sick. The spiny frog barely misses you.
Drink which item? (? for menu, Esc to quit)
A red film seems to cover your vision as you go berserk!
You feel yourself moving faster!
You feel mighty!
You hear an angry buzzing noise.
The spiny frog barely misses you.
You are too berserk!
You hit the spiny frog.
The spiny frog is moderately wounded.
The spiny frog stings you.
You die...
Your body rises from the dead as a mindless zombie.

. .. ... #... #
..... .##..
......####......
#..@F.......
#...###......
#...... .....
##..... ....
....##. ..# ...#
## .# ... # ..


You could see a spiny frog (blind).

Vanquished Creatures
  An ugly thing (D:8)
  A cyclops (D:8)
  Psyche (D:8)
  The ghost of riffraff the Skirmisher, a novice DsBe of Trog (D:5)
  A two-headed ogre (D:10)
  Sigmund (D:4)
  A wyvern (D:7)
  A wasp (D:8)
  3 hippogriffs
  2 yaks (D:10)
  A soldier ant (D:8)
  2 wargs
  Duvessa (D:4)
  3 orc warriors
  A spider (D:8)
  A sky beast (D:11)
  A black bear (D:8)
  3 ice beasts
  5 ogres
  3 phantoms
  4 centaurs
  6 giant frogs
  Dowan (D:4)
  A gnoll sergeant (D:9)
  4 scorpions
  A wyvern skeleton (D:9)
  17 killer bees
  A jelly (D:7)
  A lava snake (D:11)
  4 hounds
  2 centaur zombies
  14 orc wizards
  5 orc priests
  A gnoll shaman (D:9)
  Terence (D:2)
  An iguana (D:7)
  3 worker ants
  Natasha (thrice) (D:3)
  A centaur skeleton (D:5)
  A hound zombie (D:3)
  A river rat (Lair:1)
  A scorpion zombie (D:8)
  9 adders
  12 gnolls
  An orc zombie (D:9)
  2 shadow imps
  3 worms
  4 adder skeletons
  11 giant geckos
  43 orcs
  A ball python (D:1)
  3 giant cockroaches
  7 goblins
  8 hobgoblins
  9 kobolds
  6 quokkas
  5 bats
  A giant cockroach zombie (D:6)
  5 giant newts
  13 jackals
  A quokka skeleton (D:5)
  A quokka zombie (D:8)
  8 rats
261 creatures vanquished.

Vanquished Creatures (collateral kills)
  A hydra (D:10)
  A cyclops (D:9)
  A troll (D:9)
  A queen bee (Lair:1)
  Eustachio (D:4)
  2 yaks (D:10)
  A mottled dragon (D:10)
  An ogre (D:6)
  An ice beast (D:8)
  A centaur (D:9)
  6 giant frogs
  A scorpion (D:8)
  3 killer bees (Lair:1)
  4 hounds
  A crimson imp (D:5)
  A jelly (D:9)
  2 giant frog skeletons
  2 orc wizards (D:9)
  An iguana (D:11)
  A worker ant (D:7)
  A hound zombie (D:10)
  A worker ant zombie (D:5)
  6 gnolls
  2 shadow imps
  2 giant geckos
  4 orcs
  2 giant cockroaches
  A giant newt (D:6)
  2 jackals (D:4)
54 creatures vanquished.

Vanquished Creatures (others)
  A warg zombie (D:9)
  A wight (D:11)
  A hippogriff zombie (D:8)
  A centaur zombie (D:11)
  A giant frog zombie (D:8)
  8 killer bee zombies (Lair:1)
  2 ogre zombies
  A sky beast zombie (D:11)
  A scorpion zombie (D:8)
  An elf zombie (D:4)
  2 orc skeletons
  11 orc zombies
  7 gnoll zombies
  A jackal skeleton (D:4)
  A river rat zombie (Lair:1)
  8 fulminant prisms
48 creatures vanquished.

Grand Total: 363 creatures vanquished

Notes
Turn   | Place    | Note
--------------------------------------------------------------
     0 | D:1      | Glider the Draconian Conjurer began the quest for the Orb.
     0 | D:1      | Reached XP level 1. HP: 14/14 MP: 3/3
   208 | D:1      | Reached XP level 2. HP: 5/20 MP: 0/5
   212 | D:1      | Learned a level 2 spell: Searing Ray
  1462 | D:2      | Reached XP level 3. HP: 26/26 MP: 6/6
  1756 | D:2      | Noticed Terence
  1879 | D:2      | Killed Terence
  1879 | D:2      | Reached skill level 1 in Fighting
  1879 | D:2      | Reached skill level 5 in Conjurations
  1879 | D:2      | Reached XP level 4. HP: 8/35 MP: 1/7
  2693 | D:2      | Learned a level 4 spell: Iskenderun's Mystic Blast
  2842 | D:3      | Found a shimmering altar of Xom.
  2864 | D:3      | Noticed Natasha
  3375 | D:3      | Killed Natasha
  3375 | D:3      | Reached XP level 5. HP: 33/41 MP: 6/9
  3381 | D:3      | Noticed Natasha
  3546 | D:3      | Killed Natasha
  3712 | D:3      | Learned a level 3 spell: Dazzling Spray
  3891 | D:3      | Found a faded altar to an unknown god.
  3897 | D:3      | Became a worshipper of Yredelemnul the Dark
  3897 | D:3      | Reached * piety under Yredelemnul
  3897 | D:3      | Noticed Natasha
  3903 | D:3      | Killed Natasha
  4323 | D:4      | Noticed Duvessa
  4323 | D:4      | Noticed Dowan
  4421 | D:4      | Killed Duvessa
  4421 | D:4      | Reached skill level 1 in Hexes
  4421 | D:4      | Reached skill level 1 in Invocations
  4421 | D:4      | Reached XP level 6. HP: 42/50 MP: 4/10
  4543 | D:4      | Reached skill level 6 in Conjurations
  4724 | D:4      | Noticed an ogre
  4732 | D:4      | Killed an ogre
  4732 | D:4      | Your scales start taking on a weird mottled colour.
  4732 | D:4      | Reached XP level 7. HP: 31/57 MP: 4/11
  4915 | D:4      | Noticed Eustachio
  4930 | D:4      | Killed Eustachio
  4975 | D:4      | Noticed Sigmund
  5029 | D:4      | Killed Sigmund
  5242 | D:4      | Killed Dowan
  5287 | D:4      | Your ally Dowan died
  5288 | D:4      | Reached ** piety under Yredelemnul
  5451 | D:4      | Gained mutation: You have sharp fingernails. [potion of beneficial mutation]
  5457 | D:4      | Noticed an ogre
  5469 | D:4      | Killed an ogre
  5469 | D:4      | Reached XP level 8. HP: 63/63 MP: 6/13
  5811 | D:5      | Entered Level 5 of the Dungeon
  5840 | D:5      | Noticed riffraff's ghost (novice DsBe)
  6045 | D:5      | Reached skill level 7 in Conjurations
  6138 | D:5      | Reached skill level 5 in Invocations
  6142 | D:5      | Found a stormy altar of Qazlal.
  6379 | D:5      | Killed riffraff's ghost
  7148 | D:6      | Learned a level 4 spell: Fulminant Prism
  7157 | D:6      | Found a white marble altar of Elyvilon.
  7272 | D:6      | Reached skill level 8 in Conjurations
  7492 | D:6      | Found a staircase to the Ecumenical Temple.
  7797 | Temple   | Entered the Ecumenical Temple
  7947 | D:7      | Reached XP level 9. HP: 64/71 MP: 4/16
  8034 | D:7      | Reached skill level 5 in Spellcasting
  8886 | D:7      | Found a deep blue altar of Sif Muna.
  8960 | D:8      | Reached skill level 5 in Fighting
  9039 | D:8      | Noticed a cyclops
  9327 | D:7      | Learned a level 5 spell: Fireball
  9547 | D:8      | Reached skill level 1 in Fire Magic
  9633 | D:8      | Noticed Psyche
  9639 | D:8      | Killed Psyche
  9805 | D:8      | Reached skill level 5 in Hexes
  9919 | D:8      | Killed a cyclops
  9919 | D:8      | Reached *** piety under Yredelemnul
  9919 | D:8      | Reached skill level 9 in Conjurations
 10217 | D:8      | Noticed an angel
 10298 | D:8      | Noticed a white ugly thing
 10309 | D:8      | Killed a white ugly thing
 10309 | D:8      | Reached skill level 5 in Fire Magic
 10309 | D:8      | Reached XP level 10. HP: 53/81 MP: 7/19
 10842 | D:8      | Found a glowing silver altar of Zin.
 11220 | D:8      | Noticed Glider's ghost (novice DEIE)
 12445 | D:9      | Found a staircase to the Lair.
 12627 | D:9      | Noticed a cyclops
 12635 | D:9      | Killed a cyclops
 12887 | D:9      | Found a snail-covered altar of Cheibriados.
 12887 | D:9      | Found an ancient bone altar of Kikubaaqudgha.
 12895 | D:9      | Reached skill level 1 in Shields
 12897 | D:9      | Found a sparkling altar of Nemelex Xobeh.
 12897 | D:9      | Found an opulent altar of Gozag.
 13194 | D:9      | Reached **** piety under Yredelemnul
 13220 | D:10     | Entered Level 10 of the Dungeon
 13646 | D:10     | Reached skill level 10 in Conjurations
 14054 | D:10     | Noticed a six-headed hydra
 14061 | D:10     | Killed a six-headed hydra
 14061 | D:10     | Reached XP level 11. HP: 44/86 MP: 2/21
 14656 | D:11     | Noticed Nergalle
 14744 | Lair:1   | Entered Level 1 of the Lair of Beasts
 15230 | D:11     | Found a staircase to the Orcish Mines.
 15448 | D:11     | Received a gift from Yredelemnul
 15854 | Lair:1   | Reached skill level 5 in Shields
 15875 | D:9      | HP: 4/86 [killer bee (8)]
 15889 | D:7      | HP: 2/86 [killer bee (4)]
 16730 | Lair:1   | HP: 3/86 [spiny frog (6)]
 16733 | Lair:1   | HP: 1/86 [poisoned by a queen bee]
 16735 | Lair:1   | Slain by a spiny frog

Action                   |  1- 3 |  4- 6 |  7- 9 | 10-12 || total
-------------------------+-------+-------+-------+-------++-------
Melee: Unarmed           |    45 |       |       |       ||    45
       Short sword       |    26 |    15 |       |       ||    41
       Dagger            |       |    56 |    10 |     8 ||    74
       Hand axe          |       |     5 |       |       ||     5
       Quarterstaff      |       |       |   132 |    59 ||   191
       Spear             |       |       |       |   134 ||   134
 Fire: Blowgun           |       |    29 |       |       ||    29
 Cast: Magic Dart        |    33 |    47 |    25 |     8 ||   113
       Searing Ray       |     8 |    24 |    66 |    34 ||   132
       Dazzling Spray    |       |       |     2 |    22 ||    24
       Iskenderun's Myst |       |       |       |    38 ||    38
       Fireball          |       |       |       |     9 ||     9
       Fulminant Prism   |       |       |       |     8 ||     8
Invok: Animate Remains   |       |     3 |    17 |       ||    20
       Animate Dead      |       |       |     2 |    20 ||    22
Evoke: Wand              |       |       |     2 |     3 ||     5
       Deck              |       |       |       |     2 ||     2
  Use: Scroll            |     4 |     4 |     8 |     7 ||    23
       Potion            |     4 |       |     1 |     9 ||    14
 Stab: Sleeping          |     1 |     2 |     2 |     3 ||     8
       Distracted        |       |       |     1 |     1 ||     2
  Eat: Chunk             |     4 |    11 |    19 |    35 ||    69
       Meat ration       |       |       |     1 |       ||     1
